AoeStats
← P-Unit

Arabia

510019421Analyzed
2v2 RM · 4d ago on Sep 29, 2026· 55m 45s· 4 players
Game mode
Random Map
Map size
Medium (4 player)
Population
200
Speed
Normal
Resources
Standard
Victory
Conquest
Starting age
Dark Age
Ending age
Imperial Age
RankedLock teamsTeams togetherTeam positionsShared explorationLock speedFull tech treeHidden civsTurbo modeCheats
Victory
Defeat
🇨🇱 Japanese · Chile
1037
+15
🇨🇱 Inca · Chile
990
+16
🇧🇷 Koreans · Brazil
1022
-16
🇺🇸 Japanese · United States
994
-15
P-Unit
9:23 Feudal Age
9:27 Man-at-Arms
10:09 Horse Collar
11:44 Double-Bit Axe
21:58 Castle Age
20:16 Scale Mail Armor
20:19 Stone Mining
21:42 Forging
22:25 Loom
22:48 Heavy Plow
23:00 Bow Saw
22:36 Long Swordsman
24:02 Squires
23:48 Arson
23:56 Gambesons
29:12 Chain Mail Armor
41:52 Imperial Age
40:57 Wheelbarrow
40:50 Treadmill Crane
41:27 Gold Mining
41:54 Masonry
43:11 Conscription
43:13 Elite Samurai
45:47 Iron Casting
45:39 Hand Cart
50:40 Plate Mail Armor
51:11 Blast Furnace
50:56 Ballistics
51:52 Bloodlines
51:43 Husbandry
51:55 Capped Ram
54:32 Fletching
Zap!
2:51 Loom
10:17 Feudal Age
10:45 Double-Bit Axe
17:35 Castle Age
23:50 Fletching
26:06 Bodkin Arrow
Jadecito
7:30 Loom
11:20 Feudal Age
20:29 Double-Bit Axe
22:22 Horse Collar
22:41 Gold Mining
22:44 Arson
22:23 Champi Runner
26:45 Castle Age
25:07 Forging
26:18 Stone Mining
26:31 Scale Mail Armor
26:46 Fletching
31:18 Heavy Plow
34:05 Bow Saw
36:41 Wheelbarrow
36:49 Gold Shaft Mining
37:12 Iron Casting
37:12 Chain Mail Armor
QQMORE
10:42 Feudal Age
11:06 Horse Collar
11:11 Double-Bit Axe
10:48 Man-at-Arms
11:47 Loom
13:48 Arson
14:42 Forging
23:05 Castle Age
21:34 Scale Mail Armor
24:27 Wheelbarrow
24:29 Iron Casting
23:16 Long Swordsman
23:56 Squires
24:09 Town Watch
27:07 Chain Mail Armor
28:42 Gambesons
33:57 Bow Saw
33:49 Heavy Plow
43:27 Hand Cart
46:28 Imperial Age
47:07 Two-Handed Swordsman
48:19 Plate Mail Armor
48:49 Blast Furnace
48:33 Champion
50:46 Conscription
50:46 Fletching
51:15 Gold Mining
53:31 Fervor
54:34 Two-Man Saw
54:11 Gold Shaft Mining
Connection lost

Rejoining the realm…

Still unreachable

The connection could not be restored.

Session expired

The server has moved on; the page needs a fresh start.